 Dungeon Crawl Stone Soup version 0.23.2-1-ga50397a6bc (webtiles) character file.

Game seed: 9522942984336293935

3579 Mrkan the Cleaver (level 10, -7/80 HPs)
             Began as a Hill Orc Monk on May 19, 2019.
             Was an Elder of Beogh.
             Mangled by Harold
             ... wielding a +0 scimitar
              (10 damage)
             ... on level 8 of the Dungeon.
             The game lasted 00:17:21 (6816 turns).

Mrkan the Cleaver (Hill Orc Monk)                   Turns: 6816, Time: 00:17:22

Health: -7/80      AC: 13    Str: 18    XL:     10   Next: 10%
Magic:  18/18      EV:  3    Int: 10    God:    Beogh [****..]
Gold:   531        SH:  8    Dex: 13    Spells: 9/9 levels left

rFire    . . .     SeeInvis .   u - +0 broad axe
rCold    . . .     Gourm    .   j - +0 shield
rNeg     . . .     Faith    .   n - +0 plate armour
rPois    .         Spirit   .   z - +2 helmet
rElec    .         Reflect  .   (no cloak)
rCorr    .         Harm     .   (no gloves)
MR       .....                  (no boots)
Stlth    ..........             (no amulet)
HPRegen  0.23/turn              (no ring)
MPRegen  0.16/turn              (no ring)

@: marked
A: no striking features
a: Smiting, Recall Orcish Followers, Renounce Religion


You were on level 8 of the Dungeon.
You worshipped Beogh.
Beogh was greatly pleased with you.
You were hungry.

You visited 1 branch of the dungeon, and saw 10 of its levels.
You also visited: Sewer.

You collected 531 gold pieces.

Inventory:

Hand Weapons
 a - a +0 hand axe
 u - a +0 broad axe (weapon)
 A - the +11 mace "Hill Orc's Peril" {flame, -Tele rC- Int+6 Dex+10}
   (You found it on level 6 of the Dungeon)

   It has been specially enchanted to burn those struck by it, causing extra
   injury to most foes and up to half again as much damage against particularly
   susceptible opponents.
   It affects your intelligence (+6).
   It affects your dexterity (+10).
   It makes you vulnerable to cold.
   It prevents most forms of teleportation.
Missiles
 x - 175 stones (quivered)
Armour
 j - a +0 shield (worn)
 n - a +0 plate armour (worn)
 y - a +0 helmet
 z - a +2 helmet (worn)
Jewellery
 f - an uncursed ring of positive energy
 h - an uncursed ring of wizardry
 q - an uncursed amulet of the gourmand
 D - a cursed amulet of inaccuracy {unknown}
 F - a cursed ring of attention {unknown}
Wands
 E - a wand of clouds (4)
Scrolls
 d - 2 scrolls of fog {unknown}
 g - 11 scrolls of teleportation
 l - 4 scrolls of remove curse {unknown}
 o - 6 scrolls of magic mapping {unknown}
 r - a scroll of fear {unknown}
 w - 3 scrolls of enchant weapon {unknown}
 B - a scroll of enchant armour {unknown}
 H - a scroll of immolation {unknown}
Potions
 b - 3 potions of cancellation {unknown}
 e - 5 potions of heal wounds
 i - a potion of haste
 k - a potion of berserk rage {unknown}
 m - 4 potions of curing
 p - 3 potions of brilliance {unknown}
 s - a potion of magic {unknown}
 t - 3 potions of might {unknown}
 v - 2 potions of degeneration {unknown}
 C - a potion of lignification {unknown}
 G - a potion of agility
Comestibles
 c - 15 rations


   Skills:
 - Level 4.6 Fighting
 * Level 13.2 Axes
 - Level 2.4 Dodging
 - Level 1.5 Stealth
 - Level 1.6 Shields
 * Level 11.9 Invocations


You had 9 spell levels left.
You didn't know any spells.
Your spell library was empty.

Dungeon Overview and Level Annotations

Branches:
Dungeon (10/15)            Temple (0/1) D:6
   Lair: D:8-11         Orc: D:9-12

Altars:
Xom

Shops:
D:8 [

Annotations:
D:8 Gastronok, Harold, Maurice


Message History

Something pecks your orc warrior. Something claws your orc warrior.
You block the killer bee's attack.
The killer bee stings you but does no damage. x2
Something misses your orc warrior.
Your orc warrior barely misses the wyvern.
Something stings your orc warrior! Something bites your orc warrior!
Your orc warrior dies!
Harold hits you but does no damage.
Harold says, "My wife will appreciate not having to wash blood out of my clothes anymore."
Harold points at you and mumbles some strange words.
The harpoon shot hits you!
* * * LOW HITPOINT WARNING * * *
You are yanked forward by the harpoon shot.
Harold hits you with a +0 scimitar!
* * * LOW HITPOINT WARNING * * *
The wyvern bites you.
* * * LOW HITPOINT WARNING * * *
There is a stone staircase leading up here.
Harold is no longer moving quickly.
Harold hits you with a +0 scimitar!
You die...

yH)##.##.. #.o..#...
#.......
#####)......
#####....H.#....
#####.y.y.##.##..#.#
#∩..y..####..# .## #
#...l..##..... ..
#..@@y...H#.### .#
#...h..####. ##
#......# #. .
######## .. [.. ..
... #... #... #.. #.


You could see Harold, a hippogriff, a wyvern, a wolf and 4 killer bees.

Vanquished Creatures
  A two-headed ogre (D:9)
  Prince Ribbit (D:7)
  A hungry ghost (D:10)
  A sky beast (D:7)
  4 ogres
  3 centaurs
  2 crimson imps
  4 hounds
  2 orc wizards
  An orc priest (D:7)
  2 jellies
  3 iguanas (D:5)
  A worker ant (D:6)
  8 adders
  8 river rats
  A shadow imp (D:5)
  An adder zombie (D:5)
  An adder skeleton (D:4)
  3 worms (D:4)
  A leopard gecko (D:2)
  7 orcs
  8 giant cockroaches
  13 goblins
  5 hobgoblins
  9 jackals
  2 quokkas (D:5)
  4 ball pythons
  3 bats
  9 frilled lizards
  8 kobolds
  12 rats
129 creatures vanquished.

Vanquished Creatures (collateral kills)
  Grinder (D:6)
  A hippogriff (D:10)
  Grum (D:8)
  A water moccasin (D:6)
  An ice beast (D:6)
  3 sky beasts
  A necrophage (D:8)
  A phantom (D:5)
  3 ogres
  2 wolves (D:8)
  A big kobold (D:7)
  A bullfrog (D:5)
  A scorpion (D:9)
  4 killer bees (D:7)
  3 hounds
  2 orc priests
  2 orc wizards (D:4)
  A jelly (D:9)
  3 iguanas
  3 worker ants
  A worker ant zombie (D:5)
  3 gnolls (D:6)
  An adder (D:6)
  A shadow imp (D:8)
  An ooze (D:6)
  A worm (D:6)
  4 orcs
  3 kobolds (D:7)
51 creatures vanquished.

Vanquished Creatures (others)
  2 orc warriors
  An orc knight (D:8)
  4 orc wizards
  Robin (D:3)
  12 orcs
  7 goblins (D:3)
  2 hobgoblins (D:3)
  A rat (D:3)
30 creatures vanquished.

Grand Total: 210 creatures vanquished

Notes
Turn   | Place    | Note
-------+----------+-------------------------------------------
     0 | D:1      | Mrkan the Hill Orc Monk began the quest for the Orb.
     0 | D:1      | Reached XP level 1. HP: 19/19 MP: 1/1
   227 | D:1      | Reached XP level 2. HP: 15/27 MP: 2/2
   954 | D:2      | Reached skill level 5 in Axes
   968 | D:2      | Reached XP level 3. HP: 28/33 MP: 3/3
  1551 | D:3      | Reached skill level 1 in Shields
  1555 | D:3      | Reached XP level 4. HP: 35/41 MP: 4/4
  1730 | D:3      | Noticed an orc warrior
  1733 | D:3      | Became a worshipper of Beogh the Brigand
  1733 | D:3      | Reached * piety under Beogh
  1733 | D:3      | Reached ** piety under Beogh
  1734 | D:3      | Noticed Robin
  1745 | D:3      | Killed Robin
  1925 | D:3      | Reached skill level 6 in Axes
  2160 | D:3      | Reached XP level 5. HP: 43/47 MP: 5/5
  2541 | D:4      | Reached skill level 1 in Invocations
  2712 | D:4      | Found a glowing drain.
  2719 | Sewer    | Entered a sewer
  3156 | Sewer    | Reached *** piety under Beogh
  3298 | Sewer    | Reached XP level 6. HP: 53/53 MP: 8/8
  3542 | D:4      | Reached skill level 7 in Axes
  3601 | D:4      | Noticed an orc warrior
  4094 | D:5      | Entered Level 5 of the Dungeon
  4187 | D:5      | Reached XP level 7. HP: 60/60 MP: 10/10
  4223 | D:5      | Reached skill level 8 in Axes
  4223 | D:5      | Reached skill level 5 in Invocations
  4612 | D:5      | Reached skill level 9 in Axes
  4828 | D:6      | Reached XP level 8. HP: 49/67 MP: 11/13
  4843 | D:6      | Reached **** piety under Beogh
  5061 | D:6      | Found a staircase to the Ecumenical Temple.
  5136 | D:6      | Got a bloodstained mace
  5151 | D:6      | Reached skill level 10 in Axes
  5154 | D:6      | Noticed Grinder
  5155 | D:6      | Paralysed by Grinder for 7 turns
  5181 | D:6      | Killed Grinder
  5453 | D:7      | Identified the +11 mace "Hill Orc's Peril" {flame, -Tele
                  | rC- Int+6 Dex+10} (You found it on level 6 of the Dungeon)
  5540 | D:7      | You fall through a shaft for 3 floors!
  5540 | D:10     | Entered Level 10 of the Dungeon
  5574 | D:10     | Reached skill level 11 in Axes
  5574 | D:10     | Reached XP level 9. HP: 69/72 MP: 15/15
  5700 | D:10     | Reached skill level 10 in Invocations
  5765 | D:9      | Found a shimmering altar of Xom.
  5765 | D:9      | Noticed a two-headed ogre
  5784 | D:9      | Killed a two-headed ogre
  5784 | D:9      | Reached skill level 12 in Axes
  5994 | D:8      | Reached ***** piety under Beogh
  6042 | D:8      | Noticed Grum
  6055 | D:8      | Killed Grum
  6067 | D:8      | Noticed Gastronok
  6096 | D:7      | Noticed Prince Ribbit
  6113 | D:7      | Killed Prince Ribbit
  6113 | D:7      | Gained Marbork as an ally
  6113 | D:7      | Reached skill level 13 in Axes
  6113 | D:7      | Reached XP level 10. HP: 19/80 MP: 11/18
  6773 | D:8      | Found Silotie's Armour Shoppe.
  6792 | D:8      | Noticed Harold
  6799 | D:8      | Noticed Maurice
  6802 | D:8      | Your ally Marbork died
  6814 | D:8      | HP: 4/80 [Harold/+0 scimitar (15)]
  6816 | D:8      | Mangled by Harold

Skill      XL: |  1  2  3  4  5  6  7  8  9 |
---------------+----------------------------+-----
Fighting       | 4 |  4.6
Axes           | 5 6 7 9 11 13 | 13.2
Shields        | 1 |  1.6
Invocations    | 2 4 6 9 11 | 11.9
Dodging        | |  2.4
Stealth        | |  1.5

Action                   |  1- 3 |  4- 6 |  7- 9 | 10-12 || total
-------------------------+-------+-------+-------+-------++-------
Melee: Hand axe          |   151 |   321 |       |       ||   472
       Broad axe         |       |    24 |   182 |    21 ||   227
Invok: Convert to Beogh  |       |     1 |       |       ||     1
       Smiting           |       |       |     2 |     1 ||     3
       Recall Orcish Fol |       |       |     1 |     1 ||     2
  Use: Scroll            |       |       |     8 |       ||     8
       Potion            |       |       |       |     1 ||     1
 Stab: Sleeping          |     1 |       |       |       ||     1
       Distracted        |       |     3 |     3 |       ||     6
       Confused          |       |       |     1 |       ||     1
  Eat: Chunk             |     2 |     4 |     4 |     2 ||    12
       Ration            |       |     2 |     2 |       ||     4
Armor: Chain mail        |    40 |       |       |       ||    40
       Robe              |     1 |       |       |       ||     1
       Plate armour      |    51 |   198 |   120 |    15 ||   384
Dodge: Dodged            |    19 |    17 |    23 |     1 ||    60
Block: Shield            |    33 |   144 |    70 |     6 ||   253
